 Dungeon Crawl Stone Soup version 0.29.1-15-g9cfb28693d (webtiles) character file.

Game seed: 8377236640011364214

7 Peloso the Covered (level 1, -11/20 HPs)
             Began as a Minotaur Fighter on Mar 7, 2023.
             Mangled by a gnoll
             ... wielding a +2 spear of distortion
              (24 damage)
             ... on level 1 of the Dungeon.
             The game lasted 00:00:17 (119 turns).

Peloso the Covered (Minotaur Fighter)                Turns: 119, Time: 00:00:17

Health: -11/20     AC:  7    Str: 20    XL:     1   Next: 91%
Magic:  0/0        EV:  9    Int:  5    God:
Gold:   33         SH:  4    Dex:  9    Spells: 0/0 levels left

rFire   . . .      SeeInvis .   a - +0 long sword
rCold   . . .      Faith    .   c - +0 buckler
rNeg    . . .      Spirit   .   b - +0 scale mail
rPois   .          Reflect  .   (helmet restricted)
rElec   .          Harm     .   (no cloak)
rCorr   .          Rampage  .   (no gloves)
Will    .....                   (no boots)
Stlth   ..........              (no amulet)
HPRegen 0.06/turn               (no ring)
MPRegen 0.07/turn               (no ring)

@: no status effects
A: horns 2, retaliatory headbutt
a: no special abilities


You were on level 1 of the Dungeon.
You visited 1 branch of the dungeon, and saw 1 of its levels.

You collected 33 gold pieces.

Inventory:

Hand Weapons
 a - a +0 long sword (weapon)
Armour
 b - a +0 scale mail (worn)
 c - a +0 buckler (worn)
Scrolls
 e - a scroll of enchant weapon {unknown}
Potions
 d - 2 potions of might
 f - a potion of berserk rage {unknown}


   Skills:
 + Level 3.7 Fighting
 + Level 2.6 Long Blades
 + Level 4.0 Armour
 + Level 3.6 Shields


You couldn't memorise any spells.
You didn't know any spells.
Your spell library contained the following spells:

 Spells                   Type           Power      Damage    Failure   Level
 Conjure Flame            Conj/Fire      0%         6-21      99%         3
 Ignite Poison            Fire/Tmut/Pois 0%         N/A       99%         3
 Sticky Flame             Conj/Fire      0%         2d3       100%        4


Dungeon Overview and Level Annotations

Branches:
Dungeon (1/15)

Altars:


Innate Abilities, Weirdness & Mutations

You have a pair of horns on your head.
You reflexively headbutt those who attack you in melee.


Message History

The jackal barks!
You hear a bark!
A jackal comes into view. x2
You hear a bark!
A jackal comes into view.
The endoplasm closely misses you. The endoplasm attacks as you move away!
The endoplasm barely misses you.
The jackal barks!
The endoplasm attacks as you move away! You block the endoplasm's attack.
The endoplasm attacks as you move away!
The endoplasm hits you but does no damage.
A frilled lizard comes into view.
The frilled lizard hisses angrily.
The frilled lizard moves out of view.
The jackal attacks as you move away! You block the jackal's attack.
The endoplasm freezes you.
You are frozen.
You see here a bat corpse.
The jackal bites you but does no damage.
The endoplasm attacks as you move away! The endoplasm closely misses you.
The jackal attacks as you move away!
The jackal bites you but does no damage.
The jackal closely misses you.
You slash the jackal!
You kill the jackal!
The jackal bites you but does no damage.
You barely miss the jackal. You block the jackal's attack.
You hit the jackal.
You kill the jackal!
You block the gnoll's attack. The endoplasm freezes you.
You are frozen.
You slash the endoplasm!
You kill the endoplasm!
The gnoll closely misses you.
Your Armour skill increases to level 4!
The jackal barks!
The gnoll hits you with a +2 spear of distortion.
Space warps horribly around you!!
Ouch! That really hurt!
You die...

#......##.# .>
#####.......#.### #.#
#......# #.....# ..# ..
#......# ##.##.##.##...
#......####.............
#..†..h........#........
#......####..B..........
#.......# #..........### #
#.#####@###............#
#.
##.###.#ghB..)..........
#.#
##.#.###h†....##.......
#..# ##.##
##.....>.$##.##.
#.#.###.#.###.####..#....#
#.##.#.#.#.#.## ##.#... .
######.###.#.<.#.## .# ..
#......##.#.#.#.#.# ..
.......#.###.#.###.# #.


You could see a gnoll, 3 jackals and a giant cockroach.

Vanquished Creatures
  A ball python (D:1)
  2 bats (D:1)
  An endoplasm (D:1)
  2 jackals (D:1)
6 creatures vanquished.

Notes
Turn   | Place    | Note
-------+----------+-------------------------------------------
     0 | D:1      | Peloso the Minotaur Fighter began the quest for the Orb.
     0 | D:1      | Reached XP level 1. HP: 19/19 MP: 0/0
   119 | D:1      | Reached skill level 4 in Armour
   119 | D:1      | Mangled by a gnoll

Illustrated notes

Levels and vault maps discovered:
D:1:      minmay_arrival_diagonal_passages, layout_rooms

Skill      XL: |  1 |
---------------+----+-----
Armour         | 4 |  4.0
Fighting       | |  3.7
Long Blades    | |  2.6
Shields        | |  3.6

Action                   || total
-------------------------++-------
Melee: Long sword        ||    10
       Headbutt          ||     2
Armor: Scale mail        ||    12
Dodge: Dodged            ||    13
Block: Buckler           ||     9
